AoeStats
← J Stacks

Highland

504287083Analyzed
3v3 RM · 28d ago on Sep 4, 2026· 48m 45s· 6 players
Game mode
Random Map
Map size
Normal (6 player)
Population
200
Speed
Normal
Resources
Standard
Victory
Conquest
Starting age
Dark Age
Ending age
Imperial Age
RankedLock teamsTeams togetherTeam positionsShared explorationLock speedFull tech treeHidden civsTurbo modeCheats
Victory
Defeat
🇺🇸 Malians · United States
1217
+15
🇧🇷 Sicilians · Brazil
1195
+16
🇲🇽 Portuguese · Mexico
1186
+17
🇫🇮 Slavs · Finland
1232
-17
🇫🇮 Cumans · Finland
1206
-16
🇫🇮 Vietnamese · Finland
1167
-15
J Stacks
4:33 Loom
10:55 Feudal Age
11:21 Double-Bit Axe
11:50 Horse Collar
13:59 Fishing Lines
16:02 Man-at-Arms
21:43 Castle Age
27:40 Forging
27:21 Arson
29:52 Scale Mail Armor
30:22 Squires
36:58 Chain Mail Armor
37:19 Iron Casting
40:13 Imperial Age
39:35 Wheelbarrow
39:12 Bow Saw
39:28 Heavy Plow
41:24 Conscription
40:53 Elite Gbeto
43:58 Chemistry
47:03 Hand Cart
48:41 Ballistics
48:04 Treadmill Crane
FrumpyImpala821
8:32 Loom
10:49 Feudal Age
12:06 Wheelbarrow
18:30 Castle Age
17:07 Double-Bit Axe
17:14 Gold Mining
19:56 Bow Saw
19:16 Crossbowman
20:28 Fletching
22:04 Bodkin Arrow
24:24 Horse Collar
25:29 Pikeman
28:52 Padded Archer Armor
36:20 Ballistics
37:16 Leather Archer Armor
42:20 Imperial Age
41:02 Stone Mining
43:24 Stone Shaft Mining
43:20 Hand Cart
43:05 Arbalester
44:49 Bracer
47:53 Chemistry
47:05 Masonry
48:31 Ring Archer Armor
Johncarter
2:56 Loom
11:52 Feudal Age
12:30 Double-Bit Axe
14:06 Wheelbarrow
17:32 Fletching
18:10 Scale Mail Armor
22:35 Castle Age
21:07 Stone Mining
23:14 Scale Barding Armor
23:08 Gold Mining
25:37 Bloodlines
26:28 Horse Collar
27:35 Pikeman
27:45 Pikeman
28:49 Fishing Lines
30:36 Forging
33:22 Iron Casting
34:37 Chain Mail Armor
35:28 Ballistics
35:20 Masonry
36:42 Husbandry
39:00 Bodkin Arrow
39:30 Hand Cart
40:33 Chain Barding Armor
44:26 Imperial Age
44:10 Padded Archer Armor
44:34 Town Watch
45:28 Gold Shaft Mining
45:25 Cavalier
46:47 Plate Barding Armor
46:35 Arrowslits
PutridWind
2:55 Loom
11:55 Feudal Age
13:07 Double-Bit Axe
13:55 Horse Collar
17:17 Fletching
18:30 Forging
20:12 Wheelbarrow
23:56 Castle Age
25:31 Bodkin Arrow
26:00 Bow Saw
28:06 Fishing Lines
32:13 Hand Cart
33:53 Padded Archer Armor
34:15 Crossbowman
35:17 Leather Archer Armor
35:17 Thumb Ring
39:21 Pikeman
40:02 Squires
45:39 Town Watch
47:22 Elite Skirmisher
Henrj
7:29 Loom
10:12 Feudal Age
12:46 Horse Collar
12:53 Double-Bit Axe
14:04 Man-at-Arms
16:05 Wheelbarrow
15:39 Gold Mining
17:02 Fishing Lines
18:05 Town Watch
26:51 Castle Age
25:45 Forging
25:37 Scale Mail Armor
26:03 Bloodlines
27:37 Long Swordsman
28:17 Squires
30:06 Scale Barding Armor
30:37 Iron Casting
29:53 Fletching
30:28 Husbandry
30:46 Heavy Plow
31:00 Bow Saw
35:01 Chain Barding Armor
37:06 Hand Cart
38:51 Town Patrol
40:48 Bodkin Arrow
40:23 Light Cavalry
Oblivican
10:04 Feudal Age
10:14 Loom
10:46 Double-Bit Axe
10:55 Gold Mining
14:00 Man-at-Arms
15:32 Gold Mining
15:24 Horse Collar
19:27 Wheelbarrow
19:34 Scale Mail Armor
22:30 Bloodlines
22:31 Scale Barding Armor
22:53 Forging
26:50 Castle Age
24:47 Town Watch
28:00 Light Cavalry
28:28 Capped Ram
30:10 Gold Shaft Mining
30:57 Hand Cart
35:20 Fletching
37:42 Padded Archer Armor
39:52 Bodkin Arrow
46:02 Imperial Age
45:36 Chain Barding Armor
45:51 Iron Casting
46:17 Cavalier
Connection lost

Rejoining the realm…

Still unreachable

The connection could not be restored.

Session expired

The server has moved on; the page needs a fresh start.